 Dungeon Crawl Stone Soup version 0.28.0-53-g5a82cb258f (webtiles) character file.

Game seed: 5160110094382517185

328 styxcanada the Covert (level 6, 0/32 HPs)
             Began as a Spriggan Brigand on June 24, 2022.
             Slain by a killer bee (5 damage)
             ... on level 7 of the Dungeon.
             The game lasted 00:12:12 (3662 turns).

styxcanada the Covert (Spriggan Brigand)            Turns: 3662, Time: 00:12:13

Health: 0/32       AC:  5    Str:  7    XL:     6   Next: 25%
Magic:  8/8        EV: 18    Int: 13    God:
Gold:   145        SH:  0    Dex: 18    Spells: 7/7 levels left

rFire   . . .      SeeInvis +   a - +3 dagger
rCold   . . .      Faith    .   (no shield)
rNeg    . . .      Spirit   .   b - +0 robe
rPois   .          Reflect  .   j - +2 hat
rElec   .          Harm     .   c - +0 cloak
rCorr   .          Rampage  .   (gloves unavailable)
Will    +....                   (boots unavailable)
Stlth   ++++......              (no amulet)
HPRegen 0.10/turn               r - ring of flight
MPRegen 0.11/turn               (no ring)

@: flying, very quick
A: very small, no large weapons, unfitting armour, see invisible, speed 3
a: no special abilities


You were on level 7 of the Dungeon.
You visited 1 branch of the dungeon, and saw 5 of its levels.

You collected 145 gold pieces.

Inventory:

Hand Weapons
 a - a +3 dagger (weapon)
 f - a +1 mace of protection
 t - a +0 hunting sling
Missiles
 d - 3 poisoned darts (quivered)
 e - a curare-tipped dart
 i - 6 boomerangs
 k - 104 stones
Armour
 b - a +0 robe (worn)
 c - a +0 cloak (worn)
 j - a +2 hat (worn)
Jewellery
 r - a ring of flight (left hand)
Scrolls
 g - 3 scrolls of fog
 l - a scroll of identify
 m - a scroll of enchant weapon
Potions
 h - a potion of berserk rage
 o - a potion of curing
 p - 2 potions of might {unknown}
 q - a potion of haste {unknown}
 s - a potion of ambrosia {unknown}


   Skills:
 * Level 2.4 Fighting
 + Level 3.1 Short Blades
 + Level 2.7 Throwing
 * Level 2.9 Dodging
 * Level 9.3 Stealth
 * Level 1.0 Spellcasting


You had 7 spell levels left.
You didn't know any spells.
Your spell library contained the following spells:

 Spells                   Type           Power      Damage    Failure   Level
 Inner Flame              Hex/Fire       0%         N/A       63%         3
 Cause Fear               Hex            0%         N/A       95%         4
 Discord                  Hex            0%         N/A       100%        8


Dungeon Overview and Level Annotations

Branches:
Dungeon (4/15)
 Temple: D:4-7

Altars:
Cheibriados
Wu Jian


Innate Abilities, Weirdness & Mutations

You are very small and have problems with some larger weapons.
You are too small for most types of armour.
You have supernaturally acute eyesight. (SInv)
You cover ground extremely quickly. (Speed+++)


Message History

You kill the killer bee!
Your Spellcasting skill increases to level 1!
You see here 12 gold pieces.
You now have 145 gold pieces (gained 12).
The killer bee buzzes angrily.
You hear an angry buzzing noise. x3
The killer bee buzzes angrily.
A killer bee comes into view. 2 killer bees come into view.
The killer bee stings you.
You miss the killer bee. The killer bee barely misses you.
The killer bee closely misses you. The killer bee stings you. x2
The killer bee closely misses you. The killer bee misses you.
Found a scroll of identify.
Found a short sword.
The killer bee stings you but does no damage.
You see here a scroll of identify.
l - a scroll of identify The killer bee stings you.
The killer bee stings you but does no damage.
You hit the killer bee.
The killer bee is lightly wounded.
The killer bee stings you! The killer bee misses you.
You see here a +0 short sword.
The killer bee stings you but does no damage.
The killer bee closely misses you. The killer bee stings you.
You are poisoned.
The killer bee poisons you!
You feel sick.
You feel sick.
You feel sick.
You feel sick.
You feel sick.
An orc wizard comes into view. It is wielding a +0 dagger.
You feel sick.
You feel sick.
You are no longer poisoned.
The killer bee stings you.
You die...

#y# ##.. #y#
#.# #.# #.#
#.y ##.## ###
#...##### #
......#y....#
#
.#.##...###y#
# # ##.## #y#
######## #.
#@#
##.####.......
#. #.#
#.......######
#. #.#
#........# #
#o #.#
#...####.# #
#.# ### #.# #
#.# #.# # #.#
#.# #.. ..#
###


You could see 2 killer bees.

Vanquished Creatures
  A scorpion (D:4)
  A killer bee (D:7)
  Natasha (thrice) (D:2)
  A hound skeleton (D:4)
  5 adders
  An adder skeleton (D:4)
  3 worms
  2 dart slugs (D:3)
  8 orcs
  3 bats
  6 endoplasms
  2 giant cockroaches
  4 hobgoblins
  4 jackals (D:2)
  2 quokkas
  7 ball pythons
  8 frilled lizards
  6 goblins
  2 kobolds
  8 rats
77 creatures vanquished.

Notes
Turn   | Place    | Note
-------+----------+-------------------------------------------
     0 | D:1      | styxcanada the Spriggan Brigand began the quest for the
                  | Orb.
     0 | D:1      | Reached XP level 1. HP: 10/10 MP: 2/2
   113 | D:1      | Reached skill level 6 in Stealth
   397 | D:1      | Reached XP level 2. HP: 15/15 MP: 3/3
   561 | D:1      | Found a faded altar of an unknown god.
   956 | D:2      | Reached skill level 7 in Stealth
  1063 | D:2      | Reached XP level 3. HP: 18/18 MP: 4/4
  1617 | D:2      | Noticed Natasha
  1624 | D:2      | Killed Natasha
  1702 | D:2      | Noticed Natasha
  1722 | D:2      | Killed Natasha
  1723 | D:2      | Reached XP level 4. HP: 10/23 MP: 5/5
  1760 | D:2      | Noticed Natasha
  1769 | D:2      | Killed Natasha
  1770 | D:2      | Reached skill level 8 in Stealth
  2137 | D:2      | Reached XP level 5. HP: 26/26 MP: 6/6
  2405 | D:3      | Found a snail-covered altar of Cheibriados.
  2415 | D:3      | Found an ornate altar of the Wu Jian Council.
  3296 | D:4      | Reached skill level 9 in Stealth
  3296 | D:4      | Reached XP level 6. HP: 29/31 MP: 7/7
  3559 | D:4      | You are sucked into a shaft and drop 3 floors!
  3607 | D:7      | Reached skill level 1 in Spellcasting
  3662 | D:7      | Slain by a killer bee

Illustrated notes

Levels and vault maps discovered:
D:1:      dpeg_arrival_line_fractal, layout_basic,
          chequers_ecumenical_altar_island, grunt_decor_arrowhead
D:2:      layout_loops_ring, kennysheep_generic_room_13, uniq_natasha
D:3:      layout_basic, mainiacjoe_overflow_catwalk_spiral
D:4:      layout_loops_corners, serial_shops, nicolae_shop_hallway_stairs,
          st_stairs_10
D:7:      layout_loops_ring, minmay_temple_entry_slanted, minmay_microvault

Skill      XL: |  1  2  3  4  5  6 |
---------------+-------------------+-----
Stealth        | 6 7 8 9 |  9.3
Dodging        | 2 |  2.9
Fighting       | 2 |  2.4
Short Blades   | 3 |  3.1
Spellcasting   | 1 |  1.0
Throwing       | |  2.7

Action                   |  1- 3 |  4- 6 || total
-------------------------+-------+-------++-------
Melee: Dagger            |    75 |   142 ||   217
       Punch             |       |     4 ||     4
Throw: Dart              |    24 |    16 ||    40
  Use: Scroll            |       |    10 ||    10
 Stab: Sleeping          |    15 |    12 ||    27
       Distracted        |       |     1 ||     1
Armor: Robe              |    10 |    12 ||    22
Dodge: Dodged            |    42 |    97 ||   139
